TOP OF THE 1ST |
Mt. Vernon Bulls batting - Pitching for Walla Walla Walleye : RHP Juan López
|
Pitching: RHP Juan López
|
|
Batting: RHB Ludovico Trezza
|
0-0: Called Strike 0-1: Foul Ball, location: 2F 0-2: SINGLE (Groundball, 56D)
|
Batting: RHB Albert Delgado
|
0-0: Called Strike 0-1: Ball 1-1: Ball 2-1: Swinging Strike 2-2: SINGLE (Line Drive, 4MD) Ludovico Trezza to second
|
Batting: LHB Yun Yen
|
0-0: Called Strike 0-1: Foul Ball, location: 2F 0-2: Ball 1-2: Strikes out swinging
|
Batting: LHB António Rivera
|
0-0: Called Strike 0-1: Ball 1-1: Swinging Strike 1-2: Foul Ball, location: 2F 1-2: Strikes out swinging
|
Batting: LHB Enrique Sánchez
|
0-0: Ball 1-0: Foul Ball, location: 2F 1-1: Ball 2-1: Ball 3-1: Base on Balls Ludovico Trezza to third Albert Delgado to second
|
Batting: LHB Álex Ramírez
|
0-0: Ball 1-0: Ball 2-0: Called Strike 2-1: Called Strike 2-2: Fly out, F7 (Popup, 78S)
|
Top of the 1st over - 0 run(s), 2 hit(s), 0 error(s), 3 left on base; Mt. Vernon 0 - Walla Walla 0 |
BOTTOM OF THE 1ST |
Walla Walla Walleye batting - Pitching for Mt. Vernon Bulls : LHP Ernest Torres
|
Pitching: LHP Ernest Torres
|
|
Batting: LHB César Muñóz
|
0-0: Called Strike 0-1: Called Strike 0-2: Ball 1-2: Ball 2-2: Ball 3-2: SINGLE (Groundball, 34D)
|
Batting: RHB Tony Farquharson
|
0-0: Ball 1-0: Fly out, F8 (Flyball, 89S)
|
Batting: RHB Sake van Arem
|
0-0: Called Strike 0-1: Swinging Strike 0-2: Strikes out swinging
|
Batting: RHB Emílio Ortíz
|
Pickoff Throw to First - Out!
|
Bottom of the 1st over - 0 run(s), 1 hit(s), 0 error(s), 0 left on base; Mt. Vernon 0 - Walla Walla 0 |
TOP OF THE 2ND |
Mt. Vernon Bulls batting - Pitching for Walla Walla Walleye : RHP Juan López
|
Batting: RHB Orlando Padilla
|
0-0: Called Strike 0-1: Foul Ball, location: 2F 0-2: Ball 1-2: Ground out 5-3 (Groundball, 15S)
|
Batting: LHB Miguel García
|
0-0: Called Strike 0-1: Called Strike 0-2: Ball 1-2: Ball 2-2: Foul Ball, location: 2F 2-2: Foul Ball, location: 2F 2-2: Strikes out swinging
|
Batting: RHB Joseph Gray
|
0-0: Ground out 5-3 (Groundball, 56)
|
Top of the 2nd over - 0 run(s), 0 hit(s), 0 error(s), 0 left on base; Mt. Vernon 0 - Walla Walla 0 |
BOTTOM OF THE 2ND |
Walla Walla Walleye batting - Pitching for Mt. Vernon Bulls : LHP Ernest Torres
|
Batting: RHB Emílio Ortíz
|
0-0: Ball 1-0: Ball 2-0: Ball 3-0: Base on Balls
|
Batting: LHB Wilson Horton
|
0-0: Ball 1-0: Foul Ball, location: 2F 1-1: Fly out, F7 (Flyball, 7M)
|
Batting: RHB Enrico Díaz
|
0-0: Ball 1-0: Swinging Strike 1-1: Ball 2-1: Foul Ball, location: 2F 2-2: Ball 3-2: Foul Ball, location: 2F 3-2: Strikes out looking
|
Batting: RHB Sergio Cortéz
|
0-0: Called Strike 0-1: Foul Ball, location: 2F 0-2: Fly out, F2 (Popup, 2LF)
|
Bottom of the 2nd over - 0 run(s), 0 hit(s), 0 error(s), 1 left on base; Mt. Vernon 0 - Walla Walla 0 |
TOP OF THE 3RD |
Mt. Vernon Bulls batting - Pitching for Walla Walla Walleye : RHP Juan López
|
Batting: RHB Ludovico Trezza
|
0-0: Called Strike 0-1: Ground out 6-3 (Groundball, 6)
|
Batting: RHB Albert Delgado
|
0-0: Ball 1-0: Ball 2-0: Ball 3-0: Called Strike 3-1: Base on Balls
|
Batting: LHB Yun Yen
|
0-0: Ball Albert Delgado is caught stealing 2nd base 1-0: SINGLE (Flyball, 8RS)
|
Batting: LHB António Rivera
|
0-0: Fly out, F8 (Flyball, 8RM)
|
Top of the 3rd over - 0 run(s), 1 hit(s), 0 error(s), 1 left on base; Mt. Vernon 0 - Walla Walla 0 |
BOTTOM OF THE 3RD |
Walla Walla Walleye batting - Pitching for Mt. Vernon Bulls : LHP Ernest Torres
|
Batting: LHB Eugene Henson
|
0-0: Fly out, F2 (Popup, 2LF)
|
Batting: RHB Hieu De
|
0-0: Called Strike 0-1: Foul Ball, location: 2F 0-2: Ball 1-2: Ball 2-2: Ground out 5-3 (Groundball, 56)
|
Batting: LHB César Muñóz
|
0-0: Called Strike 0-1: Fly out, F8 (Flyball, 78S)
|
Bottom of the 3rd over - 0 run(s), 0 hit(s), 0 error(s), 0 left on base; Mt. Vernon 0 - Walla Walla 0 |
TOP OF THE 4TH |
Mt. Vernon Bulls batting - Pitching for Walla Walla Walleye : RHP Juan López
|
Batting: LHB Enrique Sánchez
|
0-0: Ball 1-0: Ball 2-0: Fly out, F4 (Popup, 4D)
|
Batting: LHB Álex Ramírez
|
0-0: Ball 1-0: Swinging Strike 1-1: Foul Ball, location: 2F 1-2: Foul Ball, location: 2F 1-2: Ball 2-2: Fly out, F9 (Flyball, 9M)
|
Batting: RHB Orlando Padilla
|
0-0: Ball 1-0: Called Strike 1-1: Ball 2-1: Called Strike 2-2: Ball 3-2: Base on Balls
|
Batting: LHB Miguel García
|
0-0: Ball 1-0: Ball 2-0: DOUBLE (Line Drive, 78M) Orlando Padilla to third
|
Batting: RHB Joseph Gray
|
0-0: Called Strike 0-1: Swinging Strike 0-2: Ball 1-2: Foul Ball, location: 2F 1-2: DOUBLE (Groundball, 5D) Orlando Padilla scores Miguel García scores
|
Batting: RHB Ludovico Trezza
|
0-0: Called Strike 0-1: Swinging Strike 0-2: Ground out 5-3 (Groundball, 56S)
|
Top of the 4th over - 2 run(s), 2 hit(s), 0 error(s), 1 left on base; Mt. Vernon 2 - Walla Walla 0 |
BOTTOM OF THE 4TH |
Walla Walla Walleye batting - Pitching for Mt. Vernon Bulls : LHP Ernest Torres
|
Batting: RHB Tony Farquharson
|
0-0: Called Strike 0-1: Swinging Strike 0-2: Foul Ball, location: 2F 0-2: Ball 1-2: Foul Ball, location: 2F 1-2: Ball 2-2: Ball 3-2: Strikes out swinging
|
Batting: RHB Sake van Arem
|
0-0: Called Strike 0-1: Ball 1-1: Ball 2-1: Foul Ball, location: 2F 2-2: Foul Ball, location: 2F 2-2: Ball 3-2: Foul Ball, location: 2F 3-2: Strikes out swinging
|
Batting: RHB Emílio Ortíz
|
0-0: Ball 1-0: Fly out, F3 (Popup, 3SF)
|
Bottom of the 4th over - 0 run(s), 0 hit(s), 0 error(s), 0 left on base; Mt. Vernon 2 - Walla Walla 0 |
TOP OF THE 5TH |
Mt. Vernon Bulls batting - Pitching for Walla Walla Walleye : RHP Juan López
|
Batting: RHB Albert Delgado
|
0-0: Ball 1-0: Ground out 6-3 (Groundball, 6)
|
Batting: LHB Yun Yen
|
0-0: Swinging Strike 0-1: Ball 1-1: Ball 2-1: Ground out 2-3 (Groundball, 2R)
|
Batting: LHB António Rivera
|
0-0: Called Strike 0-1: SINGLE (Groundball, 4MD) (infield hit)
|
Batting: LHB Enrique Sánchez
|
0-0: Ball 1-0: Ball 2-0: Called Strike António Rivera steals 2nd base 2-1: 2-RUN HOME RUN (Flyball, 89XD), Distance : 465 ft
|
Batting: LHB Álex Ramírez
|
0-0: Ball 1-0: Ball 2-0: Foul Ball, location: 2F 2-1: Ball 3-1: Foul Ball, location: 2F 3-2: Strikes out swinging
|
Top of the 5th over - 2 run(s), 2 hit(s), 0 error(s), 0 left on base; Mt. Vernon 4 - Walla Walla 0 |
BOTTOM OF THE 5TH |
Walla Walla Walleye batting - Pitching for Mt. Vernon Bulls : LHP Ernest Torres
|
Batting: LHB Wilson Horton
|
0-0: Ball 1-0: SINGLE (Groundball, 6M)
|
Batting: RHB Enrico Díaz
|
0-0: Called Strike 0-1: Foul Ball, location: 2F 0-2: Ball 1-2: Ball 2-2: Foul Ball, location: 2F 2-2: Strikes out looking
|
Batting: RHB Sergio Cortéz
|
0-0: Swinging Strike 0-1: Swinging Strike 0-2: Strikes out swinging
|
Batting: LHB Eugene Henson
|
0-0: Ball 1-0: Called Strike 1-1: Swinging Strike 1-2: Ball 2-2: Ball 3-2: Base on Balls Wilson Horton to second
|
Batting: RHB Hieu De
|
0-0: Foul Ball, location: 2F 0-1: Ball 1-1: Swinging Strike 1-2: Strikes out swinging
|
Bottom of the 5th over - 0 run(s), 1 hit(s), 0 error(s), 2 left on base; Mt. Vernon 4 - Walla Walla 0 |
TOP OF THE 6TH |
Mt. Vernon Bulls batting - Pitching for Walla Walla Walleye : RHP Juan López
|
Batting: RHB Orlando Padilla
|
0-0: Swinging Strike 0-1: Swinging Strike 0-2: Ball 1-2: Foul Ball, location: 2F 1-2: Ball 2-2: Ball 3-2: Strikes out looking
|
Pitching: LHP Cisco Hernández
|
|
Batting: LHB Miguel García
|
0-0: Called Strike 0-1: Foul Ball, location: 2F 0-2: Foul Ball, location: 2F 0-2: Ball 1-2: Strikes out swinging
|
Batting: RHB Joseph Gray
|
0-0: Ball 1-0: Called Strike 1-1: Called Strike 1-2: Strikes out looking
|
Top of the 6th over - 0 run(s), 0 hit(s), 0 error(s), 0 left on base; Mt. Vernon 4 - Walla Walla 0 |
BOTTOM OF THE 6TH |
Walla Walla Walleye batting - Pitching for Mt. Vernon Bulls : LHP Ernest Torres
|
Batting: LHB César Muñóz
|
0-0: Called Strike 0-1: Called Strike 0-2: Strikes out swinging
|
Batting: RHB Tony Farquharson
|
0-0: Fly out, F8 (Flyball, 89D)
|
Batting: RHB Sake van Arem
|
0-0: Ball 1-0: Ball 2-0: Ball 3-0: Called Strike 3-1: Foul Ball, location: 2F 3-2: Strikes out swinging
|
Bottom of the 6th over - 0 run(s), 0 hit(s), 0 error(s), 0 left on base; Mt. Vernon 4 - Walla Walla 0 |
TOP OF THE 7TH |
Mt. Vernon Bulls batting - Pitching for Walla Walla Walleye : LHP Cisco Hernández
|
Batting: RHB Ludovico Trezza
|
0-0: Ground out 4-3 (Groundball, 4)
|
Batting: RHB Albert Delgado
|
0-0: Called Strike 0-1: Foul Ball, location: 2F 0-2: Strikes out swinging
|
Batting: LHB Yun Yen
|
0-0: Called Strike 0-1: Ball 1-1: Swinging Strike 1-2: Strikes out swinging
|
Top of the 7th over - 0 run(s), 0 hit(s), 0 error(s), 0 left on base; Mt. Vernon 4 - Walla Walla 0 |
BOTTOM OF THE 7TH |
Walla Walla Walleye batting - Pitching for Mt. Vernon Bulls : LHP Ernest Torres
|
Batting: RHB Emílio Ortíz
|
0-0: Ball 1-0: Ball 2-0: Called Strike 2-1: Ball 3-1: Base on Balls
|
Batting: LHB Wilson Horton
|
0-0: Called Strike 0-1: Ball 1-1: DOUBLE (Line Drive, 7LM) Emílio Ortíz to third Runner from 3rd tries for Home, SAFE, no throw or cutoff
|
Batting: RHB Enrico Díaz
|
0-0: Ball 1-0: Ball 2-0: Fly out, F8 (Flyball, 8RM)
|
Batting: RHB Sergio Cortéz
|
0-0: Ball 1-0: Foul Ball, location: 2F 1-1: Foul Ball, location: 2F 1-2: Ball 2-2: Ball 3-2: Foul Ball, location: 2F 3-2: Strikes out swinging
|
Batting: LHB Eugene Henson
|
0-0: Foul Ball, location: 2F 0-1: Ball 1-1: DOUBLE (Line Drive, 78M) Wilson Horton scores
|
Batting: RHB Hieu De
|
0-0: Called Strike 0-1: Ground out 4-3 (Groundball, 4)
|
Bottom of the 7th over - 2 run(s), 2 hit(s), 0 error(s), 1 left on base; Mt. Vernon 4 - Walla Walla 2 |
TOP OF THE 8TH |
Mt. Vernon Bulls batting - Pitching for Walla Walla Walleye : LHP Cisco Hernández
|
Batting: LHB António Rivera
|
0-0: Foul Ball, location: 2F 0-1: Ball 1-1: Swinging Strike 1-2: SINGLE (Line Drive, 78S)
|
Batting: LHB Enrique Sánchez
|
0-0: Ball 1-0: Ball 2-0: Ball 3-0: Called Strike 3-1: Swinging Strike 3-2: Strikes out swinging
|
Batting: LHB Álex Ramírez
|
0-0: Ball 1-0: Ball 2-0: Ball 3-0: Base on Balls António Rivera to second
|
Batting: RHB Orlando Padilla
|
0-0: Foul Ball, location: 2F 0-1: Swinging Strike 0-2: Ball 1-2: Strikes out swinging
|
Batting: LHB Miguel García
|
0-0: Called Strike 0-1: Ground out 4-3 (Groundball, 4)
|
Top of the 8th over - 0 run(s), 1 hit(s), 0 error(s), 2 left on base; Mt. Vernon 4 - Walla Walla 2 |
BOTTOM OF THE 8TH |
Walla Walla Walleye batting - Pitching for Mt. Vernon Bulls : LHP Ernest Torres
|
Batting: LHB César Muñóz
|
0-0: Called Strike 0-1: Ball 1-1: Ball 2-1: Ball 3-1: Base on Balls
|
Pitching: LHP Stanton Miranda
|
|
Batting: RHB Tony Farquharson
|
0-0: Called Strike 0-1: Called Strike 0-2: Ball 1-2: Fly out, F6 (Line Drive, 6)
|
Pitching: RHP Pedro Poey
|
|
Batting: RHB Sake van Arem
|
0-0: Called Strike 0-1: Foul Ball, location: 2F 0-2: Strikes out swinging
|
Batting: RHB Emílio Ortíz
|
0-0: Fielders Choice at 2nd, U4 (Groundball, 4M)
|
Bottom of the 8th over - 0 run(s), 0 hit(s), 0 error(s), 1 left on base; Mt. Vernon 4 - Walla Walla 2 |
TOP OF THE 9TH |
Mt. Vernon Bulls batting - Pitching for Walla Walla Walleye : LHP Cisco Hernández
|
Batting: RHB Joseph Gray
|
0-0: Fly out, F7 (Line Drive, 7M)
|
Batting: RHB Ludovico Trezza
|
0-0: Foul Ball, location: 2F 0-1: DOUBLE (Line Drive, 8LD)
|
Batting: RHB Albert Delgado
|
0-0: Ball Ludovico Trezza is caught stealing 3rd base 1-0: TRIPLE (Groundball, 3L)
|
Batting: LHB Yun Yen
|
0-0: Ball 1-0: Ball 2-0: SINGLE (Groundball, 4) Albert Delgado scores
|
Batting: LHB António Rivera
|
0-0: Ball 1-0: Swinging Strike 1-1: Foul Ball, location: 2F 1-2: Ball 2-2: Strikes out swinging
|
Top of the 9th over - 1 run(s), 3 hit(s), 0 error(s), 1 left on base; Mt. Vernon 5 - Walla Walla 2 |
BOTTOM OF THE 9TH |
Walla Walla Walleye batting - Pitching for Mt. Vernon Bulls : RHP Pedro Poey
|
Pitching: RHP Arnout Els
|
|
Batting: LHB Wilson Horton
|
0-0: Called Strike 0-1: Foul Ball, location: 2F 0-2: SINGLE (Line Drive, 56)
|
Batting: RHB Enrico Díaz
|
0-0: Grounds into double play, 6-4-3 (Groundball, 6)
|
Batting: RHB Sergio Cortéz
|
0-0: Ball 1-0: Ball 2-0: Foul Ball, location: 2F 2-1: Foul Ball, location: 2F 2-2: Ball 3-2: Strikes out swinging
|
Bottom of the 9th over - 0 run(s), 1 hit(s), 0 error(s), 0 left on base; Mt. Vernon 5 - Walla Walla 2 |
|